 Dungeon Sprint DCSS version 0.21-a0-286-g6fcecc0 (webtiles) character file.

3756 potatolord6000 the Blocker (level 10, -7/81 HPs)
             Began as a Formicid Fighter on Sept 27, 2017.
             Was a Believer of Hepliaklqana.
             Mangled by an eight-headed hydra (8 damage)
             ... in the Dungeon (Sprint IX: "|||||||||||||||||||||||||||||").
             The game lasted 00:02:42 (796 turns).

potatolord6000 the Blocker (Formicid Fighter)        Turns: 796, Time: 00:02:43

Health: -7/81      AC: 10    Str: 29    XL:     10   Next: 37%
Magic:  16/16      EV: 10    Int:  9    God:    Hepliaklqana [**....]
Gold:   0          SH: 14    Dex: 10    Spells: 9/9 levels left

rFire    . . .     SeeInvis +   o - +2 scimitar (elec)
rCold    . . .     Gourm    .   c - +0 shield
rNeg     . . .     Faith    .   b - +0 scale mail
rPois    .         Spirit   .   (helmet unavailable)
rElec    .         Reflect  .   a - +0 cloak
rCorr    .         Harm     .   (no gloves)
MR       +....                  (no boots)
Stlth    ..........             (no amulet)
HPRegen  0.23/turn              h - +3 ring of strength
MPRegen  0.15/turn              j - +3 ring of strength

@: no status effects
A: permanent stasis, dig shafts and tunnels, four strong arms, reduced essence,
antennae 3
a: Dig, Recall Ancestor, Ancestor Identity, Renounce Religion


You were in the Dungeon.
You worshipped Hepliaklqana.
Hepliaklqana was pleased with you.
You were not hungry.

You visited 1 branch

Inventory:

Hand Weapons
 o - a +2 scimitar of electrocution (weapon)
Armour
 a - a +0 cloak (worn)
 b - a +0 scale mail (worn)
 c - a +0 shield (worn)
Jewellery
 h - a +3 ring of strength (left hand)
 j - a +3 ring of strength (right hand)
Scrolls
 k - a scroll of magic mapping
 l - 3 scrolls of remove curse
 m - 2 scrolls of amnesia
 n - 2 scrolls of enchant weapon
 p - 2 scrolls of recharging
 q - a scroll of identify
Potions
 e - 5 potions of curing
 g - a potion of heal wounds
 i - 4 potions of magic
Comestibles
 f - a bread ration


   Skills:
 + Level 12.3 Fighting
 + Level 11.2 Long Blades
 + Level 12.3 Armour
 + Level 13.3 Shields
 + Level 8.6 Invocations


You had 9 spell levels left.
You didn't know any spells.

Dungeon Overview and Level Annotations

Branches:
Dungeon (1/1)

Altars:
Cheibriados
Dithmenos
Elyvilon
Fedhas
Gozag
Hepliaklqana
Kikubaaqudgha
Makhleb
Nemelex Xobeh
Okawaru
Qazlal
Ru
Sif Muna
Trog
Uskayaw
Vehumet
Wu Jian
Xom
Yredelemnul
Zin
The Shining One
Beogh
Jiyva
Lugonu


Innate Abilities, Weirdness & Mutations

You cannot be hasted, slowed, berserked, paralysed or teleported.
You can dig through walls and to a lower floor.
Your four strong arms can wield two-handed weapons with a shield.
You have a pair of large antennae on your head. (SInv)
Your life essence is reduced to manifest your ancestor. (-10% HP)


Message History

The eight-headed hydra is lightly wounded.
You block the eight-headed hydra's attack. x2
The eight-headed hydra bites you but does no damage. x2
The eight-headed hydra bites you.
The eight-headed hydra closely misses you.
The eight-headed hydra misses you. The eight-headed hydra bites you.
You barely miss the eight-headed hydra.
The eight-headed hydra is lightly wounded.
The blink frog blinks!
The eight-headed hydra bites you.
* * * LOW HITPOINT WARNING * * *
The eight-headed hydra bites you but does no damage.
The eight-headed hydra bites you!
* * * LOW HITPOINT WARNING * * *
The eight-headed hydra bites you but does no damage.
You block the eight-headed hydra's attack.
The eight-headed hydra bites you!
* * * LOW HITPOINT WARNING * * *
The eight-headed hydra closely misses you.
The eight-headed hydra bites you!
You die...

▓▓▓▓▓▓▓▓▓▓▓▓▓▓▓▓▓▓▓▓▓▓▓▓▓▓▓▓▓▓▓▓▓
.'________________________'..|/[.
▓▓▓▓▓▓▓▓▓▓▓▓▓▓▓▓▓▓▓▓▓▓▓▓▓▓▓▓▓▓▓▓▓
.................................
▓▓▓▓▓▓▓▓▓▓▓▓▓▓▓▓▓▓▓▓▓▓▓▓▓▓▓▓▓▓▓▓▓
).?...'........R@DrDF...F{


{{{{{{ ▓▓▓▓▓▓▓▓▓▓▓▓▓▓▓▓▓▓▓▓▓▓▓▓ {{{{{{{{{{{{ {{{{{{{{{{{{ {{{{{ { {{{{{ You
could see the friendly Nenetl the knight, an eight-headed hydra, a blink frog, a
steam dragon and a porcupine.

Vanquished Creatures
  A hydra (D)
  An elephant (D)
  A komodo dragon (D)
  A rime drake (D)
  A hippogriff (D)
  5 yaks (D)
  5 water moccasins (D)
  An orc warrior (D)
  An eye of draining (D)
  An ogre (D)
  A wolf (D)
  2 centaurs (D)
  A crocodile (D)
  3 bullfrogs (D)
  A jelly (D)
  A worker ant (D)
  2 orcs (D)
  A bat skeleton (D)
  A giant cockroach (D)
  A goblin (D)
  2 hobgoblins (D)
  A ball python (D)
  A frilled lizard (D)
36 creatures vanquished.

Vanquished Creatures (others)
  A knight (D)
1 creature vanquished.

Grand Total: 37 creatures vanquished

Notes
Turn   | Place    | Note
-------+----------+-------------------------------------------
     0 | D        | potatolord6000 the Formicid Fighter began the quest for the Orb.
     0 | D        | Reached XP level 1. HP: 18/18 MP: 1/1
     8 | D        | Reached skill level 4 in Shields
    22 | D        | Reached XP level 2. HP: 21/25 MP: 2/2
    29 | D        | Noticed a centaur
    29 | D        | Noticed a centaur
    35 | D        | Killed a centaur
    35 | D        | Reached skill level 5 in Fighting
    35 | D        | Reached skill level 5 in Armour
    35 | D        | Reached skill level 6 in Shields
    35 | D        | Reached XP level 3. HP: 21/34 MP: 3/3
    35 | D        | Reached XP level 4. HP: 25/40 MP: 4/4
    38 | D        | Killed a centaur
    38 | D        | Reached skill level 5 in Long Blades
    38 | D        | Reached skill level 7 in Shields
    38 | D        | Reached XP level 5. HP: 29/47 MP: 5/5
    42 | D        | Reached XP level 6. HP: 29/53 MP: 6/6
    49 | D        | Found a roughly hewn altar of Beogh.
    49 | D        | Found a snail-covered altar of Cheibriados.
    49 | D        | Found a shadowy altar of Dithmenos.
    49 | D        | Found a white marble altar of Elyvilon.
    49 | D        | Found a blossoming altar of Fedhas.
    49 | D        | Found an opulent altar of Gozag.
    50 | D        | Found a hazy altar of Hepliaklqana.
    51 | D        | Found a viscous altar of Jiyva.
    52 | D        | Found an ancient bone altar of Kikubaaqudgha.
    53 | D        | Found a corrupted altar of Lugonu.
    54 | D        | Found a burning altar of Makhleb.
    55 | D        | Found a sparkling altar of Nemelex Xobeh.
    56 | D        | Found an iron altar of Okawaru.
    57 | D        | Found a stormy altar of Qazlal.
    58 | D        | Found a sacrificial altar of Ru.
    61 | D        | Found a deep blue altar of Sif Muna.
    62 | D        | Found a bloodstained altar of Trog.
    63 | D        | Found a hide-covered altar of Uskayaw.
    64 | D        | Found a radiant altar of Vehumet.
    65 | D        | Found an ornate altar of the Wu Jian Council.
    72 | D        | Became a worshipper of Hepliaklqana the Forgotten
    79 | D        | Found a shimmering altar of Xom.
    80 | D        | Found a basalt altar of Yredelemnul.
    81 | D        | Found a glowing silver altar of Zin.
    82 | D        | Found a glowing golden altar of the Shining One.
   162 | D        | Noticed a yak
   162 | D        | Noticed an orc warrior
   162 | D        | Noticed an ogre
   162 | D        | Noticed a yak
   164 | D        | Killed a yak
   164 | D        | Reached skill level 8 in Shields
   174 | D        | Killed an orc warrior
   174 | D        | Reached skill level 9 in Shields
   174 | D        | Reached XP level 7. HP: 47/56 MP: 7/7
   181 | D        | Killed a yak
   181 | D        | Reached skill level 10 in Shields
   185 | D        | Reached XP level 8. HP: 51/64 MP: 8/8
   191 | D        | Noticed a yak
   191 | D        | Noticed a hippogriff
   200 | D        | Killed a yak
   200 | D        | Reached skill level 10 in Fighting
   200 | D        | Reached skill level 10 in Armour
   200 | D        | Reached skill level 11 in Shields
   200 | D        | Reached skill level 1 in Invocations
   204 | D        | Killed a hippogriff
   345 | D        | Reached * piety under Hepliaklqana
   433 | D        | Reached ** piety under Hepliaklqana
   449 | D        | Remembered your ancestor Nenetl as a knight
   450 | D        | Noticed an eight-headed hydra
   473 | D        | Killed an 11-headed hydra
   473 | D        | Reached skill level 10 in Long Blades
   473 | D        | Reached skill level 12 in Shields
   473 | D        | Reached skill level 5 in Invocations
   473 | D        | Reached XP level 9. HP: 34/72 MP: 10/13
   493 | D        | Noticed a komodo dragon
   503 | D        | Killed a komodo dragon
   520 | D        | Reached XP level 10. HP: 24/80 MP: 15/15
   762 | D        | Noticed an elephant
   762 | D        | Noticed a rime drake
   769 | D        | Killed an elephant
   769 | D        | Reached skill level 13 in Shields
   771 | D        | Noticed a four-headed hydra
   776 | D        | Killed a rime drake
   796 | D        | HP: 1/81 [eight-headed hydra (9)]
   796 | D        | Mangled by an eight-headed hydra

Vault maps used:
D:        linesprint

Skill      XL: |  1  2  3  4  5  6  7  8  9 10 |
---------------+-------------------------------+-----
Shields        | 4 6 7 9 10 12 13 | 13.3
Fighting       | 5 6 8 9 11 12 | 12.3
Long Blades    | 4 5 7 8 10 11 | 11.2
Armour         | 5 6 8 9 11 12 | 12.3
Invocations    | 5 7 8 |  8.6

Action                   |  1- 3 |  4- 6 |  7- 9 | 10-12 || total
-------------------------+-------+-------+-------+-------++-------
Melee: Long sword        |    23 |     8 |       |       ||    31
       Scimitar          |       |    11 |    65 |    27 ||   103
Invok: Ancestor Life: Kn |       |       |     1 |       ||     1
  Use: Potion            |     1 |     1 |     1 |     6 ||     9
 Stab: Invisible         |       |     1 |     5 |       ||     6
Armor: Scale mail        |     6 |       |    14 |    18 ||    38
Dodge: Dodged            |     6 |     2 |    32 |    18 ||    58
Block: Shield            |    16 |    14 |    31 |    31 ||    92
       Rpst.: Long sword |     2 |       |       |       ||     2
       Scimitar          |       |       |    11 |       ||    11

Table legend:
 A = Spawn XP
 B = Non-spawn XP
 C = Spawn XP percentage of total XP
 D = Spawn monster count
 E = Non-spawn monster count
 F = Spawn count percentage of total count
 G = Total turns spent on level
                    A         B        C        D         E        F      G
               +---------+---------+-------+---------+---------+-------+---------
         Total |       0 |    5366 |   0.0 |       0 |      36 |   0.0 |   796
               +---------+---------+-------+---------+---------+-------+---------
             D |       0 |    5366 |   0.0 |       0 |      36 |   0.0 |   796
               +---------+---------+-------+---------+---------+-------+---------
